AoeStats
← Red_Badgers

Fortress

510825982Analyzed
1v1 RM · 1d ago on Oct 2, 2026· 24m 35s· 2 players
Game mode
Random Map
Map size
Small (3 player)
Population
200
Speed
Normal
Resources
Standard
Victory
Conquest
Starting age
Dark Age
Ending age
Imperial Age
RankedLock teamsTeams togetherTeam positionsShared explorationLock speedFull tech treeHidden civsTurbo modeCheats
Victory
Defeat
🇺🇸 Vikings · United States
1534
+14
🇩🇪 Goths · Germany
1487
-14
KARtHUUUs
2:31 Loom
7:19 Feudal Age
11:43 Castle Age
10:37 Double-Bit Axe
10:54 Horse Collar
13:58 Bow Saw
14:28 Wheelbarrow
13:38 Town Watch
14:20 Heavy Plow
16:59 Gold Mining
19:55 Stone Mining
22:28 Man-at-Arms
23:08 Squires
24:08 Fletching
24:16 Long Swordsman
Red_Badgers
7:37 Feudal Age
11:24 Castle Age
9:38 Horse Collar
9:46 Double-Bit Axe
17:29 Scale Mail Armor
18:14 Squires
19:29 Chain Mail Armor
20:20 Forging
Connection lost

Rejoining the realm…

Still unreachable

The connection could not be restored.

Session expired

The server has moved on; the page needs a fresh start.